Get step-by-step instructions on how to execute this build order below. Start the game timer, and the build order will tick by so you can play in parallel with StarCraft on a second screen or mobile device.

Game Time

  0:00

Last Step

  N/A

Next Step

Upcoming Step



Don't want to look back and forth between 2 screens? Try out our Overwolf App, the Spawning Tool Build Advisor to get an in-game overlay with this build!

Complete Build Order

  12  0:00  Drone  
  13  0:07  Drone  
  14  0:33  Hatchery  
  13  0:36  Drone  
  13  0:41  Extractor, Drone  
  15  0:48  Overlord  
  15  1:03  Spawning Pool  
  14  1:06  Drone  
  14  1:10  Drone  
  16  1:14  Drone  
  17  1:19  Drone  
  18  1:28  Extractor  
  18  1:29  Drone  
  18  1:40  Drone  
  18  1:45  Drone  
  20  1:49  Queen x2  
  20  1:51  Drone  
  25  1:55  Zergling x2  
  26  2:01  Overlord  
  26  2:06  Drone  
  27  2:13  Drone  
  28  2:20  Drone  
  29  2:23  Drone  
  29  2:28  Hatchery  
  29  2:33  Drone  
  29  2:35  Overlord  
  30  2:41  Queen  
  31  2:45  Drone  
  31  2:48  Drone  
  31  2:51  Metabolic Boost  
  33  2:55  Zergling x2  
  33  2:57  Drone  
  35  2:58  Drone  
  35  3:02  Overlord  
  36  3:08  Queen  
  36  3:10  Drone  
  40  3:12  Drone  
  40  3:14  Drone  
  40  3:16  Drone  
  42  3:21  Queen  
  42  3:23  Drone  
  42  3:26  Drone  
  46  3:29  Drone  
  46  3:30  Drone  
  46  3:33  Overlord  
  48  3:37  Zergling x2  
  49  3:42  Overlord  
  49  3:44  Queen  
  51  3:48  Overlord  
  51  3:53  Drone x4  
  55  3:56  Spore Crawler  
  55  3:58  Spore Crawler  
  55  4:02  Zergling x4  
  55  4:03  Drone  
  55  4:04  Drone  
  55  4:07  Overlord  
  55  4:09  Drone  
  58  4:11  Overlord  
  58  4:14  Drone  
  58  4:17  Overlord  
  58  4:20  Drone x2  
  58  4:22  Drone x2  
  58  4:23  Drone  
  61  4:33  Roach Warren  
  61  4:34  Zergling x2  
  61  4:35  Drone x2  
  61  4:37  Zergling x2  
  64  4:41  Drone  
  64  4:42  Drone x3  
  68  4:45  Lair  
  68  4:47  Drone x2  
  70  4:53  Zergling x2, Extractor  
  70  4:56  Drone x2, Evolution Chamber  
  70  4:59  Drone x3  
  74  5:06  Zergling x2  
  75  5:09  Drone x2  
  75  5:11  Drone x2, Spore Crawler  
  75  5:12  Hatchery  
  77  5:15  Drone x4  
  77  5:18  Drone  
  82  5:21  Extractor  
  82  5:22  Extractor  
  82  5:24  Zerg Missile Weapons Level 1  
  82  5:25  Extractor, Drone  
  79  5:34  Drone x8  
  86  5:39  Overlord  
  86  5:40  Extractor  
  85  5:44  Overlord  
  85  5:45  Overseer, Hydralisk Den  
  85  5:48  Zergling x8  
  88  5:50  Pneumatized Carapace  
  88  5:53  Zergling x2  
  89  5:59  Zergling x10  
  89  6:04  Overlord  
  94  6:12  Overlord  
  94  6:13  Grooved Spines  
  94  6:14  Hydralisk x5  
  104  6:22  Hydralisk x3  
  109  6:30  Hydralisk  
  109  6:31  Zergling x6, Hydralisk  
  118  6:36  Queen  
  118  6:38  Hydralisk x2  
  118  6:39  Zergling x4  
  125  6:51  Overlord x4  
  121  7:03  Overlord  
  121  7:04  Overlord  
  121  7:06  Muscular Augments  
  121  7:10  Drone  
  121  7:11  Hydralisk x8  
  137  7:19  Zerg Missile Weapons Level 2  
  137  7:22  Hydralisk x2  
  136  7:23  Zergling x6  
  136  7:25  Drone  
  143  7:36  Hydralisk x5  
  153  7:42  Overseer  
  150  7:47  Hatchery  
  150  7:49  Hydralisk  
  150  7:50  Hydralisk x2  
  155  7:58  Hydralisk x3  
  159  8:07  Drone  
  154  8:13  Hydralisk x5  
  160  8:23  Hydralisk x3  
  160  8:26  Overlord x2  
  160  8:27  Overlord x3  
  160  8:36  Infestation Pit, Hydralisk x2  
  160  8:37  Zergling x12  
  157  8:46  Hatchery  
  156  8:49  Overlord  
  156  8:56  Zergling x8  
  155  9:05  Zergling x2, Hydralisk x2  
  155  9:06  Zergling x10  
  165  9:15  Zergling x8  
  155  9:19  Hydralisk  
  155  9:20  Zergling x2  
  155  9:23  Hydralisk  
  128  9:31  Hydralisk x6  
  128  9:32  Zergling x2  
  134  9:44  Hydralisk x4  
  140  9:53  Hydralisk x4  
  146  10:03  Hydralisk x4  
  142  10:09  Hydralisk x2  
  125  10:16  Hydralisk x3  
  112  10:22  Hydralisk x2  
  112  10:26  Hydralisk  
  106  10:28  Hydralisk  
  106  10:37  Hydralisk x3  
  106  10:41  Hydralisk  
  114  10:45  Hydralisk x2  
  114  10:47  Hydralisk  
  120  10:51  Hydralisk  
  122  10:59  Hydralisk  
  122  11:06  Drone x5  
  122  11:08  Zergling x12  
  133  11:13  Hive  
  133  11:22  Hydralisk x3  
  135  11:25  Hydralisk  
  135  11:27  Zergling x6  
  135  11:29  Hydralisk  
  138  11:34  Hydralisk x2  
  138  11:37  Hydralisk  
  138  11:45  Drone x3  
  140  11:47  Drone  
  141  11:57  Glial Reconstitution  
  141  11:59  Hatchery  
  140  12:06  Roach  
  140  12:07  Roach x4  
  150  12:17  Overlord  
  150  12:22  Roach x6  
  162  12:29  Viper x2  
  168  12:35  Hatchery  
  168  12:38  Overlord  
  168  12:42  Roach x4  
  176  12:49  Overlord  
  176  12:51  Viper  
  176  12:54  Roach x3  
  179  13:02  Roach  
  179  13:03  Overseer  
  181  13:08  Roach x3  
  181  13:09  Roach  
  193  13:20  Roach x3  
  195  13:33  Roach x2  
  194  13:50  Roach  
  194  13:51  Roach x2